 Dungeon Crawl Stone Soup version 0.21.1-1-g345015f (webtiles) character file.

450 grindst0ne the Skirmisher (level 7, -5/58 HPs)
             Began as a Formicid Hunter on Mar 2, 2018.
             Slain by a phantom (7 damage)
             ... on level 4 of the Dungeon.
             The game lasted 00:11:20 (5741 turns).

grindst0ne the Skirmisher (Formicid Hunter)         Turns: 5741, Time: 00:11:21

Health: -5/58      AC:  4    Str: 18      XL:     7   Next: 25%
Magic:  7/7        EV: 10    Int: 11      God:
Gold:   260        SH:  9    Dex:  5 (6)  Spells: 6/6 levels left

rFire    . . .     SeeInvis +   i - -2 hand axe (curse)
rCold    . . .     Gourm    .   j - +0 shield
rNeg     . . .     Faith    +   b - +0 leather armour
rPois    .         Spirit   .   (helmet unavailable)
rElec    .         Reflect  .   (no cloak)
rCorr    .         Harm     .   (no gloves)
MR       .....                  g - +0 pair of boots
Stlth    +.........             h - amulet of faith
HPRegen  0.19/turn              m - -5 ring of dexterity (curse)
MPRegen  0.10/turn              (no ring)

@: lethally poisoned (-5 -> -6)
A: permanent stasis, dig shafts and tunnels, four strong arms, antennae 3
a: Dig, Shaft Self


You were on level 4 of the Dungeon.
You were very hungry.

You visited 1 branch of the dungeon, and saw 4 of its levels.

You collected 260 gold pieces.

Inventory:

Hand Weapons
 e - a +1 hand axe
 i - a cursed -2 hand axe (weapon)
Armour
 b - a +0 leather armour (worn)
 g - a +0 pair of boots (worn)
 j - a +0 shield (worn)
Jewellery
 h - an amulet of faith (around neck)
 m - a cursed -5 ring of dexterity (left hand)
Scrolls
 c - 3 scrolls of identify
 l - a scroll of fog
Potions
 a - a potion of berserk rage {unknown}
 d - 3 potions of flight
 k - a potion of brilliance {unknown}
Comestibles
 f - 6 rations


   Skills:
 + Level 6.1 Fighting
 - Level 4.0 Throwing
 - Level 1.7 Dodging
 - Level 1.2 Stealth
 + Level 5.5 Shields


You had 6 spell levels left.
You didn't know any spells.

Dungeon Overview and Level Annotations

Branches:
Dungeon (4/15)
 Temple: D:4-7

Altars:
Hepliaklqana
Ru
Vehumet

Annotations:
D:2 exclusion: downstairs
D:3 relionnb's ghost, amateur CeSk
D:4 exclusion: statue


Innate Abilities, Weirdness & Mutations

You cannot be hasted, slowed, berserked, paralysed or teleported.
You can dig through walls and to a lower floor.
Your four strong arms can wield two-handed weapons with a shield.
You have a pair of large antennae on your head. (SInv)


Message History

You hit the worker ant.
You kill the worker ant!
You feel your dexterity returning.
You feel sick.
You hit the crimson imp.
The crimson imp is moderately wounded.
The crimson imp hits you but does no damage.
You closely miss the crimson imp.
The crimson imp is moderately wounded.
You feel sick. The crimson imp closely misses you.
You barely miss the crimson imp.
The crimson imp is lightly wounded.
The crimson imp blinks!
The phantom hits you but does no damage.
You closely miss the phantom.
You feel sick. You block the phantom's attack.
You extend your mandibles.
You dig through the rock wall.
You dig through the rock wall.
You dig through the rock wall.
You feel sick. The phantom hits you!
You die...

.. ... ### ....?.####
#@## ... .....####W##
.... #....#†#.#
#...${#.a...#.##
.##...{##...5####
..............# ....
...#.....# ...
...<#...########
##.###.#.#.#........#


You could see a phantom.

Vanquished Creatures
  2 hounds (D:4)
  2 orc wizards
  2 orc priests (D:3)
  Natasha (thrice) (D:3)
  3 worker ants (D:4)
  4 adders
  2 adder skeletons (D:4)
  A dart slug (D:3)
  2 leopard geckos
  9 orcs
  4 giant cockroaches
  12 goblins
  4 hobgoblins
  7 jackals
  10 kobolds
  2 quokkas
  7 bats
  5 frilled lizards
  A jackal skeleton (D:4)
  4 rats
86 creatures vanquished.

Notes
Turn   | Place    | Note
-------+----------+-------------------------------------------
     0 | D:1      | grindst0ne the Formicid Hunter began the quest for the Orb.
     0 | D:1      | Reached XP level 1. HP: 16/16 MP: 1/1
   287 | D:1      | Reached XP level 2. HP: 23/23 MP: 2/2
   300 | D:1      | Reached skill level 3 in Fighting
   508 | D:1      | Reached skill level 1 in Shields
   560 | D:1      | Reached XP level 3. HP: 26/29 MP: 3/3
  1710 | D:2      | Reached XP level 4. HP: 28/37 MP: 4/4
  2019 | D:3      | Reached skill level 4 in Fighting
  2659 | D:3      | Reached XP level 5. HP: 41/42 MP: 5/5
  3125 | D:3      | Noticed relionnb's ghost (amateur CeSk)
  3154 | D:3      | Reached skill level 5 in Fighting
  3154 | D:3      | Reached XP level 6. HP: 37/51 MP: 6/6
  3907 | D:3      | Noticed Natasha
  3915 | D:3      | Killed Natasha
  3959 | D:3      | Noticed Natasha
  3969 | D:3      | Killed Natasha
  4173 | D:3      | Noticed Natasha
  4205 | D:3      | Killed Natasha
  4413 | D:4      | Noticed a phantom
  4489 | D:4      | Found a sacrificial altar of Ru.
  4832 | D:4      | Reached skill level 5 in Shields
  5089 | D:4      | Reached XP level 7. HP: 57/57 MP: 7/7
  5283 | D:4      | Reached skill level 6 in Fighting
  5631 | D:4      | Found a radiant altar of Vehumet.
  5645 | D:4      | Found a hazy altar of Hepliaklqana.
  5741 | D:4      | HP: 2/58 [poisoned by a worker ant]
  5741 | D:4      | Slain by a phantom

Skill      XL: |  1  2  3  4  5  6  7 |
---------------+----------------------+-----
Fighting       | 3 4 5 6 |  6.1
Shields        | 1 2 4 5 |  5.5
Throwing       | |  4.0
Dodging        | |  1.7
Stealth        | |  1.2

Action                   |  1- 3 |  4- 6 |  7- 9 || total
-------------------------+-------+-------+-------++-------
Melee: Hand axe          |   152 |   309 |   142 ||   603
       Short sword       |     2 |       |       ||     2
Throw: Javelin           |    17 |    26 |       ||    43
       Throwing net      |     2 |       |       ||     2
 Abil: Dig               |     1 |    17 |    10 ||    28
  Use: Scroll            |     8 |     1 |     1 ||    10
       Potion            |       |     9 |     1 ||    10
 Stab: Sleeping          |     1 |       |       ||     1
  Eat: Chunk             |     3 |     6 |       ||     9
       Ration            |       |     2 |     1 ||     3
Armor: Leather armour    |    46 |    56 |    33 ||   135
       Skin              |       |    29 |       ||    29
Dodge: Dodged            |    86 |   121 |    73 ||   280
Block: Shield            |    59 |   176 |    82 ||   317
